Map: Oceanborn LE

Players

Mayachyo - Winner!

  • Race: Terran Terran
  • League: Grandmaster
  • Spawn Location: 11:00

Shizoul

  • Race: Protoss Protoss
  • League: Master
  • Spawn Location: 5:00

VOD

Have the link to the VOD?

Description

Time

  • Played on: Aug. 10, 2024, 6:56 a.m.
  • Length: 6:41
Show
View Real Time Build Order
Export as new Build Order

Mayachyo Terran - Winner!

Build Orders: Cyclone Opening 

Get SALT Encoding   

  12  0:00  SCV  
  13  0:12  SCV  
  14  0:17  Supply Depot  
  14  0:24  SCV  
  15  0:38  SCV  
  15  0:40  Barracks  
  16  0:43  Refinery  
  16  0:50  SCV  
  16  0:52  Refinery  
  17  1:02  SCV  
  18  1:15  SCV  
  19  1:27  Reaper, Orbital Command  
  19  1:29  Supply Depot  
  20  1:40  Factory  
  20  1:53  SCV  
  21  2:00  Barracks Reactor  
  21  2:06  SCV  
  22  2:19  Command Center  
  22  2:25  Cyclone  
  22  2:27  SCV  
  25  2:34  Supply Depot  
  25  2:39  SCV  
  25  2:43  Starport  
  26  2:45  Marine x2  
  28  2:52  SCV  
  29  3:02  Factory Tech Lab  
  29  3:04  Marine x2  
  31  3:09  SCV  
  31  3:21  SCV  
  31  3:23  Marine, Siege Tank  
  37  3:30  Marine  
  37  3:31  Medivac  
  37  3:33  SCV  
  40  3:41  Marine  
  40  3:46  SCV  
  40  3:47  Supply Depot  
  40  3:48  Marine  
  43  3:51  Orbital Command  
  43  3:55  Siege Tank  
  46  4:00  SCV  
  47  4:07  Marine x2  
  47  4:08  Viking  
  51  4:13  SCV  
  51  4:16  Supply Depot  
  52  4:18  SCV  
  53  4:26  Marine x2, SCV  
  53  4:30  SCV  
  57  4:38  Siege Tank, SCV  
  58  4:41  Supply Depot  
  58  4:42  SCV  
  59  4:53  Marine x2  
  59  5:10  Viking, Siege Tank, SCV  
  59  5:12  SCV  
  59  5:13  Marine x2, Supply Depot  
  68  5:23  SCV  
  68  5:25  SCV  
  70  5:30  Barracks  
  70  5:31  Marine x2  
  70  5:35  SCV  
  73  5:37  SCV  
  73  5:39  Barracks  
  73  5:42  Liberator  
  77  5:45  Supply Depot  
  77  5:47  SCV  
  77  5:49  Marine x2  
  78  6:05  Siege Tank  
  78  6:06  Marine  
  78  6:07  Marine  
  83  6:17  SCV  
  79  6:21  Command Center  
  79  6:28  SCV  
  79  6:30  Refinery  
  82  6:34  Refinery  
Show
View Real Time Build Order
Export as new Build Order

Shizoul Protoss 

Build Orders: 1 Gate Expand, Blink Stalkers 

Get SALT Encoding   

  12  0:00  Probe  
  13  0:12  Probe  
  14  0:16  Pylon  
  14  0:24  Probe (Chrono Boost)  
  15  0:36  Probe (Chrono Boost), Gateway  
  16  0:44  Probe (Chrono Boost)  
  16  0:45  Assimilator  
  17  0:51  Probe  
  18  1:03  Probe  
  19  1:15  Probe  
  20  1:23  Cybernetics Core  
  20  1:31  Nexus  
  20  1:34  Probe  
  21  1:41  Pylon  
  21  1:46  Probe  
  22  1:50  Assimilator  
  22  1:57  Adept (Chrono Boost)  
  22  1:58  Probe (Chrono Boost)  
  25  2:08  Warp Gate  
  25  2:10  Probe (Chrono Boost)  
  26  2:17  Probe (Chrono Boost)  
  27  2:24  Probe  
  27  2:25  Stalker  
  30  2:33  Twilight Council  
  31  2:39  Probe (Chrono Boost)  
  31  2:42  Gateway  
  31  2:43  Probe (Chrono Boost)  
  33  2:53  Probe (Chrono Boost)  
  33  2:54  Probe (Chrono Boost)  
  33  2:56  Shield Battery  
  34  3:01  Probe  
  34  3:02  Probe  
  36  3:06  Blink (Chrono Boost)  
  36  3:13  Probe  
  36  3:14  Probe  
  36  3:16  Stalker  
  40  3:23  Pylon  
  40  3:25  Probe  
  40  3:26  Probe  
  42  3:32  Assimilator  
  42  3:37  Probe  
  42  3:38  Probe  
  42  3:39  Pylon  
  44  3:49  Probe  
  44  3:50  Probe  
  46  3:56  Stalker x2  
  46  4:02  Nexus  
  50  4:08  Shield Battery  
  50  4:11  Gateway  
  50  4:20  Gateway  
  50  4:22  Robotics Facility  
  50  4:26  Stalker  
  50  4:28  Stalker  
  50  4:31  Probe x2  
  54  4:43  Probe x2  
  56  4:55  Probe x2  
  56  4:57  Charge (Chrono Boost)  
  56  4:58  Stalker x2  
  62  5:03  Forge  
  60  5:07  Probe  
  60  5:08  Probe  
  60  5:14  Pylon, Stalker  
  60  5:18  Probe  
  60  5:19  Probe  
  60  5:20  Probe, Stalker  
  67  5:24  Pylon  
  67  5:26  Stalker x2  
  71  5:30  Probe  
  71  5:31  Probe  
  73  5:39  Shield Battery  
  73  5:41  Stalker  
  75  5:43  Stalker  
  75  5:46  Pylon  
  77  5:53  Stalker x2  
  81  6:05  Pylon  
  77  6:17  Stalker x4  
  67  6:27  Gateway  
  67  6:29  Gateway  
  68  6:36  Zealot x2  
Tags
 
Add a new tag
Caveats
  • Supply blocks, unpowered buildings, or Contaminate may cause inaccurate times.
  • Supply counts are checked every 10 seconds.